 Dungeon Crawl Stone Soup version 0.27-a0-1548-gf8a67e7463 (webtiles) character file.

Game seed: 18075310518341940455

2 elagabalus the Chopper (level 1, 10/20 HPs)
             Began as a Deep Dwarf Berserker on July 13, 2021.
             Was a Follower of Trog.
             Quit the game on level 1 of the Dungeon.
             The game lasted 00:01:46 (243 turns).

elagabalus the Chopper (Deep Dwarf Berserker)        Turns: 243, Time: 00:01:47

Health: 10/20      AC:  2    Str: 20    XL:     1   Next: 25%
Magic:  1/1        EV: 12    Int:  7    God:    Trog [*.....]
Gold:   34         SH:  0    Dex: 12    Spells: 0/0 levels left

rFire    . . .     SeeInvis .   a - +0 hand axe
rCold    . . .     Faith    .   (no shield)
rNeg     . . .     Spirit   .   b - +0 animal skin
rPois    .         Reflect  .   (no helmet)
rElec    .         Harm     .   (no cloak)
rCorr    .         Rampage  .   (no gloves)
Will     .....                  (no boots)
Stlth    +.........             (no amulet)
HPRegen  0.00/turn              (no ring)
MPRegen  0.07/turn              (no ring)

@: no status effects
A: damage resistance, heal wounds, sense surroundings 1, no regeneration
a: Heal Wounds, Renounce Religion, Berserk


You were on level 1 of the Dungeon.
You worshipped Trog.
Trog was aware of your devotion.
You visited 1 branch of the dungeon, and saw 1 of its levels.

You collected 34 gold pieces.

Inventory:

Hand Weapons
 a - a +0 hand axe (weapon)
Missiles
 d - 37 stones
Armour
 b - a +0 animal skin (worn)
Scrolls
 c - a scroll of torment {unknown}


   Skills:
 - Level 2.6 Fighting
 + Level 3.4 Axes
 - Level 2.1 Armour
 - Level 2.1 Dodging


You couldn't memorise any spells.
You didn't know any spells.
Your spell library was empty.

Dungeon Overview and Level Annotations

Branches:
Dungeon (1/15)

Altars:


Innate Abilities, Weirdness & Mutations

You are resistant to damage.
You can heal yourself by infusing magical energy.
You passively map a small area around you.
You do not regenerate.


Message History

There is an open door here.
The helpless rat fails to defend itself.
You hit the rat.
You kill the rat!
Trog accepts your kill.
You see here a rat corpse.
d - 37 stones (gained 20)
You open the door.
There is an open door here.
You see here a rat corpse.
You open the door.
There is an open door here.
A goblin comes into view. It is wielding a +0 club.
The goblin misses you. The goblin misses you. The goblin barely misses you.
The goblin closely misses you. The goblin barely misses you.
The goblin hits you with a +0 club. The goblin hits you with a +0 club.
The goblin hits you with a +0 club. The goblin barely misses you.
The goblin hits you but does no damage. The goblin closely misses you.
The goblin misses you. The goblin misses you.
The goblin hits you with a +0 club. The goblin hits you but does no damage.
The goblin hits you with a +0 club. The goblin barely misses you.
The goblin hits you with a +0 club. The goblin closely misses you.
The goblin hits you with a +0 club. The goblin hits you but does no damage.
The goblin barely misses you. The goblin hits you with a +0 club.
The goblin hits you with a +0 club. The goblin closely misses you.
The goblin barely misses you.
Are you sure you want to abandon this character and quit the game? (Confirm with "yes".)

......#
#.......#
##.....
##'######
##.....#
#.# *
##.....#
#.#######
#.....#
#.......#
*
*#######.#
* , ..#.#
* * #g#.#
*,* ##@#.#
* * #....#
###### *


You could see a goblin.

Vanquished Creatures
  A bat (D:1)
  A rat (D:1)
2 creatures vanquished.

Notes
Turn   | Place    | Note
-------+----------+-------------------------------------------
     0 | D:1      | elagabalus the Deep Dwarf Berserker began the quest for the
                  | Orb.
     0 | D:1      | Reached XP level 1. HP: 20/20 MP: 1/1
   243 | D:1      | Quit the game

Illustrated notes

Levels and vault maps discovered:
D:1:      minmay_arrival_diagonal_passages, layout_basic

Action                   || total
-------------------------++-------
Melee: Hand axe          ||     8
 Stab: Sleeping          ||     1
Armor: Animal skin       ||     4
Dodge: Dodged            ||    24

Table legend: (Time is in decaauts)
 A = Elapsed time spent in this place.
 B = Non-inter-level travel time spent in this place.
 C = Inter-level travel time spent in this place.
 D = Time resting spent in this place.
 E = Time spent auto-exploring this place.
 F = Levels seen in this place.
 G = Mean time per level.
                   A        B        C        D        E       F      G
               +--------+--------+--------+--------+--------+-----+--------+
         Total |    243 |     65 |    178 |      0 |      0 |   1 |  243.0 |
       Dungeon |    243 |     65 |    178 |      0 |      0 |   1 |  243.0 |
               +--------+--------+--------+--------+--------+-----+--------+

Top non-repeatable levels by time:
     D:1: 243 daAuts
